 Dungeon Crawl Stone Soup version 0.27.1-33-g824d729ab1 (webtiles) character file.

Game seed: 11505890689984584462

7052 spacecowboy273 the Basher (level 10, -2/93 HPs)
             Began as a Minotaur Berserker on Dec 4, 2021.
             Was a High Priest of Trog.
             Slain by an unseen horror (7 damage)
             ... on level 9 of the Dungeon.
             The game lasted 00:21:09 (9738 turns).

spacecowboy273 the Basher (Minotaur Berserker)      Turns: 9738, Time: 00:21:09

Health: -2/93      AC: 14    Str: 23    XL:     10   Next: 83%
Magic:  9/9        EV: 11    Int:  5    God:    Trog [*****.]
Gold:   628        SH:  0    Dex: 11    Spells: 9/9 levels left

rFire    + . .     SeeInvis .   F - +6 flail (protect)
rCold    . . .     Faith    .   (no shield)
rNeg     . . .     Spirit   .   G - +0 chain mail {rPois}
rPois    +         Reflect  .   (helmet restricted)
rElec    .         Harm     .   (no cloak)
rCorr    .         Rampage  .   h - +0 pair of gloves
Will     .....                  K - +0 pair of boots
Stlth    ..........             (no amulet)
HPRegen  0.25/turn              L - ring of protection from fire
MPRegen  0.11/turn              (no ring)

@: no status effects
A: horns 2, retaliatory headbutt
a: Renounce Religion, Berserk, Trog's Hand, Brothers in Arms


You were on level 9 of the Dungeon.
You worshipped Trog.
Trog was extremely pleased with you.
You visited 1 branch of the dungeon, and saw 10 of its levels.
You also visited: Sewer and Ossuary.

You collected 628 gold pieces.

Inventory:

Hand Weapons
 a - a +0 mace
 n - a +2 whip of electrocution
 o - a +0 dagger of speed
 F - a +6 flail of protection (weapon)
 I - a +0 vampiric battleaxe
 O - a +1 whip of freezing
 Q - a +0 whip
Armour
 b - a +0 animal skin
 d - a +0 chain mail
 h - a +0 pair of gloves (worn)
 E - a +2 leather armour of cold resistance
 G - a +0 chain mail of poison resistance (worn)
 K - a +0 pair of boots (worn)
 P - a +0 plate armour
Jewellery
 H - an amulet of the acrobat
 L - a ring of protection from fire (left hand)
Wands
 x - a wand of paralysis (21)
 y - a wand of iceblast (17)
 C - a wand of flame (18)
 M - a wand of polymorph (11)
Scrolls
 c - 6 scrolls of fear
 e - a scroll of silence {unknown}
 g - 3 scrolls of fog {unknown}
 l - 3 scrolls of magic mapping {unknown}
 p - 3 scrolls of immolation {unknown}
 q - a scroll of brand weapon {unknown}
 s - a scroll of amnesia {unknown}
 t - a scroll of enchant armour {unknown}
 v - 4 scrolls of teleportation
 J - a scroll of blinking {unknown}
 R - a scroll of holy word {unknown}
 S - a scroll of enchant weapon {unknown}
 T - a scroll of summoning {unknown}
Potions
 f - 2 potions of might {unknown}
 i - 2 potions of resistance
 j - a potion of haste
 k - 3 potions of lignification
 m - 2 potions of heal wounds
 r - a potion of curing
 u - 5 potions of flight
 z - a potion of ambrosia {unknown}
 A - 2 potions of invisibility {unknown}
 B - a potion of cancellation {unknown}
 D - a potion of attraction {unknown}
 N - 2 potions of brilliance {unknown}
Miscellaneous
 w - a phial of floods


   Skills:
 - Level 10.1 Fighting
 - Level 11.7 Maces & Flails
 - Level 10.0 Armour
 + Level 9.0 Dodging


You had 9 spell levels left.
You didn't know any spells.
Your spell library was empty.

Dungeon Overview and Level Annotations

Branches:
Dungeon (10/15)            Temple (0/1) D:4            Lair (0/6) D:8
  Sewer (visited)         Ossuary (visited)
    Orc: D:9-12

Altars:
Elyvilon
Fedhas
Hepliaklqana
Nemelex Xobeh
Uskayaw
Vehumet
Wu Jian
Yredelemnul

Shops:
D:4 *   D:7 :


Innate Abilities, Weirdness & Mutations

You have a pair of horns on your head.
You reflexively headbutt those who attack you in melee.


Message History

Something hits you! Something hits you but does no damage. Something hits you!
* * * LOW HITPOINT WARNING * * *
Something hits you but does no damage. Something hits you.
* * * LOW HITPOINT WARNING * * *
You feel much better. Something hits you but does no damage.
Something hits you. Something hits you but does no damage. Something hits you.
Something hits you but does no damage.
There is a stone staircase leading down here.
Something hits you but does no damage.
You climb downwards.
Reactivating autopickup.
Found a stone staircase leading down.
There is a stone staircase leading up here.
You start resting.
Something hits you but does no damage.
Deactivating autopickup; reactivate with Ctrl-A.
You start resting.
Something hits you.
You thump something!
Your weapon exudes an aura of protection.
Something hits you.
* * * LOW HITPOINT WARNING * * *
Something hits you!
* * * LOW HITPOINT WARNING * * *
Something hits you but does no damage.
There is a stone staircase leading down here.
Something hits you but does no damage. Something hits you but does no damage.
Something hits you!
* * * LOW HITPOINT WARNING * * *
Something hits you but does no damage. x2
There is a stone staircase leading up, spattered with blood here.
Something hits you.
* * * LOW HITPOINT WARNING * * *
You climb upwards.
Reactivating autopickup.
Something hits you!
You die...

#...# #..........
#...# ######....
#...# #.... ###...#
#.... #.....# #.###
#####.....## #.#
#..........# ###.#
#......(...# #...#
###...@....###
#...#
#..........####...#
#.................#
#.................#
#.........#'#####.#
#.........#.....#.#
######....#.....#.#
#....#.....#..
#....#.....# .


There were no monsters in sight!

Vanquished Creatures
  A two-headed ogre (D:9)
  A manticore (D:8)
  A troll (D:9)
  A hornet (D:8)
  A wyvern (D:8)
  6 yaks
  A shadow (D:9)
  Eustachio (D:6)
  2 basilisks (D:8)
  Edmund (D:6)
  4 water moccasins
  2 orc warriors (D:8)
  3 ice beasts
  A necrophage (D:7)
  A hornet zombie (D:8)
  2 ogres
  3 black bears (D:8)
  2 wolves (D:8)
  2 centaurs
  2 phantoms
  A kobold brigand (D:7)
  A bullfrog (D:5)
  3 scorpions
  A water moccasin zombie (D:6)
  4 centaur zombies
  3 hounds
  3 human zombies (Ossuary)
  A jelly (D:8)
  2 gnoll shamans
  4 orc priests
  A centaur skeleton (D:6)
  9 iguanas
  A merfolk siren (Sewer)
  10 orc wizards
  A merfolk avatar (Sewer)
  A killer bee zombie (D:7)
  3 hound skeletons
  5 mummies (Ossuary)
  8 adders
  14 gnolls
  2 river rats (Sewer)
  2 shadow imps
  A white imp (D:4)
  2 worms (D:3)
  2 dart slugs
  27 orcs
  8 endoplasms
  5 giant cockroaches
  8 goblins
  7 hobgoblins
  5 jackals
  8 kobolds
  3 quokkas
  12 ball pythons
  4 bats
  9 frilled lizards
  2 goblin zombies (Ossuary)
  A hobgoblin zombie (Ossuary)
  26 rats
248 creatures vanquished.

Vanquished Creatures (others)
  4 fungi (D:8)
  17 plants (D:8)
21 creatures vanquished.

Grand Total: 269 creatures vanquished

Notes
Turn   | Place    | Note
-------+----------+-------------------------------------------
     0 | D:1      | spacecowboy273 the Minotaur Berserker began the quest for
                  | the Orb.
     0 | D:1      | Reached XP level 1. HP: 19/19 MP: 0/0
   184 | D:1      | Reached skill level 4 in Maces & Flails
   192 | D:1      | Reached XP level 2. HP: 24/26 MP: 1/1
   259 | D:1      | Found a faded altar of an unknown god.
   400 | D:1      | Reached skill level 5 in Maces & Flails
   579 | D:1      | Reached ** piety under Trog
   580 | D:1      | Reached XP level 3. HP: 31/31 MP: 2/2
   970 | D:2      | Reached skill level 6 in Maces & Flails
   970 | D:2      | Reached XP level 4. HP: 30/39 MP: 3/3
  1480 | D:3      | Reached XP level 5. HP: 32/45 MP: 4/4
  1661 | D:3      | Reached skill level 7 in Maces & Flails
  1810 | D:3      | Found a blossoming altar of Fedhas.
  2199 | D:4      | Reached *** piety under Trog
  2216 | D:4      | Found Boilage's Lightly-Used Armoury.
  2234 | D:4      | Found a staircase to the Ecumenical Temple.
  2264 | D:4      | Reached skill level 8 in Maces & Flails
  2266 | D:4      | Noticed an ogre
  2268 | D:4      | Found a hazy altar of Hepliaklqana.
  2271 | D:4      | Killed an ogre
  2272 | D:4      | Reached XP level 6. HP: 51/51 MP: 5/5
  2526 | D:4      | Reached skill level 9 in Maces & Flails
  2702 | D:5      | Entered Level 5 of the Dungeon
  2738 | D:5      | Reached XP level 7. HP: 48/57 MP: 6/6
  2901 | D:5      | Found a glowing drain.
  2915 | Sewer    | Entered a sewer
  3026 | Sewer    | Reached **** piety under Trog
  3092 | Sewer    | Reached skill level 10 in Maces & Flails
  3449 | D:5      | Reached skill level 11 in Maces & Flails
  3899 | D:5      | Found a radiant altar of Vehumet.
  3909 | D:5      | Reached XP level 8. HP: 64/64 MP: 7/7
  4195 | D:6      | Found a sand-covered staircase.
  4204 | D:6      | Noticed a +0 dagger
  4205 | D:6      | Noticed a +0 dagger
  4207 | Ossuary  | Entered an ossuary
  4547 | D:6      | Found a hide-covered altar of Uskayaw.
  4574 | D:6      | Found a sparkling altar of Nemelex Xobeh.
  4578 | D:6      | Reached skill level 5 in Fighting
  4666 | D:6      | Noticed Eustachio
  4684 | D:6      | Killed Eustachio
  4815 | D:6      | Reached skill level 5 in Armour
  4938 | D:6      | Noticed Edmund
  4951 | D:6      | Killed Edmund
  5306 | D:6      | Reached XP level 9. HP: 67/78 MP: 8/8
  5665 | D:7      | Found Fiet's Book Shop.
  5741 | D:7      | Found an ornate altar of the Wu Jian Council.
  6298 | D:7      | Found a basalt altar of Yredelemnul.
  6334 | D:7      | Paralysed by an orc wizard for 7 turns
  6398 | D:7      | Reached ***** piety under Trog
  6407 | D:7      | Found a white marble altar of Elyvilon.
  7049 | D:8      | Found a staircase to the Lair.
  7096 | D:8      | Reached XP level 10. HP: 36/93 MP: 9/9
  7256 | D:8      | Reached skill level 10 in Fighting
  7667 | D:8      | Reached skill level 10 in Armour
  8507 | D:9      | Noticed a manticore
  8516 | D:8      | Killed a manticore
  8658 | D:9      | Reached skill level 5 in Dodging
  9309 | D:9      | Noticed a two-headed ogre
  9315 | D:9      | Killed a two-headed ogre
  9727 | D:10     | Entered Level 10 of the Dungeon
  9738 | D:9      | Slain by an unseen horror

Illustrated notes

Levels and vault maps discovered:
D:1:      scummos_arrival_simple_fountains, layout_loops_ring,
          hellmonk_ecumenical_altar_run_dry
D:2:      cheibrodos_old_hovel, layout_basic
D:3:      layout_loops_cross, fedhas_altar_4
D:4:      layout_rooms, mainiacjoe_overflow_cross_hatched,
          minmay_temple_entry_statues_fountains, small_statue_intersection,
          minmay_shop_damaged, chequers_mini_garden
D:5:      layout_loops_cross, mainiacjoe_overflow_small_starburst,
          cheibrodos_sewer_entry_sluice, minmay_door_square, water_boxes_lemuel
D:6:      layout_gridville, mainiacjoe_overflow_concentric_impassable,
          dancing_weapons_uskayaw, enter_ossuary_1, uniq_edmund, uniq_eustachio
D:7:      layout_loops_ring, kennysheep_ying_yang, amcnicky_altar_gilded,
          serial_shops, shop, minmay_circle_x
D:8:      layout_layer_cave, minmay_lair_entry_grove
D:9:      layout_irregular_city, grunt_ministairs_1
D:10:     layout_rooms, mainiacjoe_overflow_big_doors,
          nicolae_gozag_zags_fifth_avenue, mainiacjoe_overflow_alcove_2,
          uniq_psyche, uniq_grum

Skill      XL: |  1  2  3  4  5  6  7  8  9 10 |
---------------+-------------------------------+-----
Maces & Flails | 4 5 6 8 9 11 | 11.7
Fighting       | 6 9 10 | 10.1
Armour         | 6 9 10 | 10.0
Dodging        | 9 |  9.0

Action                   |  1- 3 |  4- 6 |  7- 9 | 10-12 || total
-------------------------+-------+-------+-------+-------++-------
Melee: Mace              |    82 |    48 |       |       ||   130
       Headbutt          |     8 |    27 |    74 |    34 ||   143
       Whip              |       |    74 |   269 |       ||   343
       Flail             |       |       |   148 |   107 ||   255
  Use: Scroll            |       |       |     6 |       ||     6
       Potion            |       |       |     1 |     1 ||     2
Armor: Chain mail        |    44 |    41 |   189 |   109 ||   383
Dodge: Dodged            |    46 |    39 |   123 |    50 ||   258
